 Dungeon Crawl Stone Soup version 0.21.1-1-g345015f (webtiles) character file.

49396 Mookip the Peltast (level 14, -6/127 HPs)
             Began as a Minotaur Fighter on May 11, 2018.
             Was the Champion of Qazlal.
             Mangled by a naga
             ... wielding a +0 long sword
              (9 damage)
             ... on level 4 of the Snake Pit.
             The game lasted 00:48:15 (12979 turns).

Mookip the Peltast (Minotaur Fighter)              Turns: 12979, Time: 00:48:16

Health: -6/127     AC: 16    Str: 25    XL:     14   Next: 15%
Magic:  13/13      EV:  8    Int:  5    God:    Qazlal [******]
Gold:   950        SH: 34    Dex: 15    Spells: 13/13 levels left

rFire    . . .     SeeInvis .   a - +5 trident
rCold    . . .     Gourm    .   v - +4 large shield
rNeg     . . .     Faith    .   F - +1 chain mail {rPois}
rPois    +         Spirit   .   (helmet restricted)
rElec    +         Reflect  .   h - +0 cloak
rCorr    .         Harm     .   G - +0 pair of gloves
MR       +....                  (no boots)
Stlth    ..........             l - amulet of regeneration
HPRegen  0.71/turn              H - ring of poison resistance
MPRegen  0.13/turn              t - +4 ring of dexterity

@: lethally poisoned (-6 -> -6), protected from electricity, repel missiles
A: retaliatory headbutt, horns 2
a: Upheaval, Elemental Force, Disaster Area, Renounce Religion


You were on level 4 of the Snake Pit.
You worshipped Qazlal.
Qazlal was exalted by your worship.
You were not hungry.

You visited 4 branches of the dungeon, and saw 17 of its levels.
You also visited: Sewer.

You collected 950 gold pieces.

Inventory:

Hand Weapons
 a - a +5 trident (weapon)
 c - a +0 trident of flaming
 M - a +1 glaive of chopping
 N - a +0 halberd
 O - a +0 vampiric spear
 Q - a +2 trident of pain
Armour
 h - a +0 cloak (worn)
 v - a +4 large shield (worn)
 F - a +1 chain mail of poison resistance (worn)
 G - a +0 pair of gloves (worn)
Magical Staves
 p - an uncursed staff of energy {unknown}
Jewellery
 l - an amulet of regeneration (around neck)
 s - a +2 ring of intelligence
 t - a +4 ring of dexterity (right hand)
 E - an uncursed ring of wizardry {unknown}
 H - a ring of poison resistance (left hand)
 K - an uncursed ring of protection from fire
 S - a +2 ring of strength {unknown}
Wands
 b - a wand of enslavement (4)
 w - a wand of random effects (38)
 A - a wand of iceblast (26)
 C - a wand of acid (6)
 D - a wand of disintegration (8)
 J - a wand of digging (9)
Scrolls
 i - 3 scrolls of teleportation
 q - 2 scrolls of silence
 y - 6 scrolls of remove curse
 I - 4 scrolls of magic mapping
 L - a scroll of enchant armour
Potions
 d - a potion of might
 e - 6 potions of curing {unknown}
 f - 2 potions of degeneration {unknown}
 g - 4 potions of cancellation
 j - a potion of mutation {unknown}
 k - 5 potions of agility {unknown}
 m - 3 potions of heal wounds
 n - 4 potions of lignification {unknown}
 o - 6 potions of brilliance {unknown}
 u - a potion of ambrosia {unknown}
 x - a potion of invisibility {unknown}
 z - 3 potions of resistance {unknown}
 B - 3 potions of flight {unknown}
 P - a potion of haste {unknown}
Books
 R - a book of Misfortune

   Spells                             Type                      Level
   a - Confusing Touch                Hexes                        1
   b - Confuse                        Hexes                        3
   c - Gell's Gravitas                Translocation                3
   d - Petrify                        Transmutation/Earth          4
   e - Metabolic Englaciation         Hexes/Ice                    5
   f - Yara's Violent Unravelling     Hexes/Transmutation          5
Comestibles
 r - 28 rations


   Skills:
 + Level 12.8 Fighting
 + Level 15.9 Polearms
 + Level 11.9 Armour
 - Level 1.8 Dodging
 - Level 0.2 Stealth
 + Level 17.1 Shields
 - Level 0.6 Invocations


You had 13 spell levels left.
You didn't know any spells.

Dungeon Overview and Level Annotations

Branches:
Dungeon (10/15)            Temple (1/1) D:4            Lair (2/6) D:10
  Snake (4/4) Lair:2
  Swamp: Lair:2-4    Shoals: Lair:2-4       Orc: D:9-12

Altars:
Ashenzari
Cheibriados
Dithmenos
Elyvilon
Fedhas
Gozag
Hepliaklqana
Kikubaaqudgha
Makhleb
Nemelex Xobeh
Okawaru
Qazlal
Ru
Sif Muna
Trog
Uskayaw
Vehumet
Wu Jian
Xom
Yredelemnul
Zin
The Shining One

Annotations:
Snake:4 Nikola


Innate Abilities, Weirdness & Mutations

You reflexively headbutt those who attack you in melee.
You have a pair of horns on your head.


Message History

The naga hits you but does no damage. You block the naga's attack.
You hit the nagaraja. You headbutt the nagaraja.
The nagaraja is lightly wounded.
You feel sick.
You hear a shout!
The nagaraja hits you!
* * * LOW HITPOINT WARNING * * *
You block the nagaraja's attack. You block the naga's attack. x2
You closely miss the nagaraja.
You headbutt the nagaraja, but do no damage.
The nagaraja is lightly wounded.
You block the nagaraja's attack. x2; The naga is engulfed in blazing flames.
The naga spits poison at you. You block the splash of poison.
You puncture the nagaraja! You headbutt the nagaraja.
The nagaraja is moderately wounded.
You feel sick. You block the nagaraja's attack. x2
The naga is engulfed in freezing vapours.
The naga hits you with a long sword!
You die...

#### ..N.#####
#.......####
#.....§§...###
......§§N....##
####N..N@.....#
####.N.§...#
##.......#
#.......#
.......##
........#
........##
.....###


You could see a nagaraja and 4 nagas.

Vanquished Creatures
  2 nagarajas
  A hydra (Lair:2)
  7 naga warriors
  4 anacondas
  A two-headed ogre (D:8)
  3 death yaks (D:10)
  4 shock serpents
  3 naga sharpshooters
  A salamander mystic (Snake:3)
  2 naga ritualists
  5 mana vipers
  8 salamanders
  15 black mambas
  Joseph (D:8)
  13 naga magi
  3 torpor snails (Lair:1)
  4 spiny frogs
  A rime drake (Lair:2)
  2 komodo dragons
  A queen bee (D:10)
  6 blink frogs
  Sigmund (D:4)
  A vampire (D:10)
  3 wyverns
  A spriggan (Lair:2)
  9 yaks
  A basilisk (Lair:2)
  A hungry ghost (D:10)
  Menkaure (D:4)
  23 nagas
  2 water moccasins
  3 porcupines (Lair:1)
  Purgy (Sewer)
  4 sky beasts
  5 orc warriors
  A black bear (Lair:2)
  4 ice beasts
  4 wolves (Lair:2)
  6 ogres
  A phantom (D:5)
  The ghost of Aryth the Firebug, an amateur HOFE (D:6)
  8 centaurs
  4 crocodiles
  Blork the orc (D:4)
  3 bullfrogs
  A wyvern skeleton (D:6)
  4 scorpions
  The ghost of Irikuri the Cudgeler, a weakling HOBe of Trog (D:3)
  17 killer bees (D:10)
  3 wights (D:6)
  A howler monkey (D:6)
  2 crimson imps
  7 hounds
  3 orc priests
  2 bullfrog skeletons
  2 centaur skeletons
  A gnoll shaman (D:8)
  6 iguanas
  15 orc wizards
  4 worker ants
  A hell rat (D:10)
  2 killer bee zombies
  3 hound zombies
  2 hound skeletons
  A mummy (D:9)
  A worker ant zombie (D:10)
  3 gnolls (D:8)
  14 adders
  2 shadow imps (D:5)
  An ooze (D:3)
  2 adder zombies
  3 worms
  A dart slug (D:1)
  6 leopard geckos
  52 orcs
  13 bats
  6 giant cockroaches
  6 hobgoblins
  10 jackals
  7 quokkas
  A ball python (D:5)
  4 frilled lizards
  7 goblins
  2 jackal skeletons
  12 kobolds
  A leopard gecko skeleton (D:3)
  10 rats
  2 plants (D:1)
420 creatures vanquished.

Vanquished Creatures (others)
  2 fungi
  2 plants
4 creatures vanquished.

Grand Total: 424 creatures vanquished

Notes
Turn   | Place    | Note
-------+----------+-------------------------------------------
     0 | D:1      | Mookip the Minotaur Fighter began the quest for the Orb.
     0 | D:1      | Reached XP level 1. HP: 19/19 MP: 0/0
   125 | D:1      | Reached XP level 2. HP: 11/27 MP: 1/1
   229 | D:1      | Reached skill level 4 in Shields
   503 | D:1      | Reached XP level 3. HP: 28/33 MP: 2/2
  1249 | D:2      | Found a blossoming altar of Fedhas.
  1930 | D:3      | Reached XP level 4. HP: 30/40 MP: 3/3
  2088 | D:3      | Noticed Irikuri's ghost (weakling HOBe)
  2095 | D:3      | Killed Irikuri's ghost
  2095 | D:3      | Reached XP level 5. HP: 46/46 MP: 4/4
  2306 | D:3      | Reached skill level 5 in Armour
  2605 | D:4      | Found a staircase to the Ecumenical Temple.
  2630 | Temple   | Entered the Ecumenical Temple
  2771 | Temple   | Became a worshipper of Qazlal Stormbringer
  2816 | D:4      | Noticed Blork the orc
  2826 | D:4      | Killed Blork the orc
  2826 | D:4      | Reached skill level 5 in Polearms
  2826 | D:4      | Reached skill level 1 in Dodging
  2826 | D:4      | Reached XP level 6. HP: 44/53 MP: 5/5
  2830 | D:4      | Noticed Sigmund
  2842 | D:4      | Reached skill level 5 in Shields
  2847 | D:4      | Killed Sigmund
  2847 | D:4      | Reached XP level 7. HP: 22/60 MP: 6/6
  3094 | D:4      | Noticed Menkaure
  3100 | D:4      | Killed Menkaure
  3100 | D:4      | Reached skill level 5 in Fighting
  3252 | D:4      | Noticed a fire elemental
  3253 | D:4      | Found a stormy altar of Qazlal.
  3254 | D:4      | Noticed a water elemental
  3254 | D:4      | Noticed an air elemental
  3409 | D:5      | Entered Level 5 of the Dungeon
  3556 | D:5      | Reached * piety under Qazlal
  3633 | D:5      | Found a glowing drain.
  3663 | Sewer    | Entered a sewer
  3775 | Sewer    | Noticed Purgy
  3778 | Sewer    | Killed Purgy
  3778 | Sewer    | Reached XP level 8. HP: 62/69 MP: 7/7
  4331 | D:6      | Reached skill level 6 in Shields
  4511 | D:6      | Reached ** piety under Qazlal
  4569 | D:6      | Noticed Aryth's ghost (amateur HOFE)
  4579 | D:6      | Killed Aryth's ghost
  4629 | D:6      | Reached XP level 9. HP: 78/78 MP: 8/8
  4814 | D:6      | Found a burning altar of Makhleb.
  4930 | D:6      | Reached skill level 10 in Polearms
  5143 | D:7      | Found a bloodstained altar of Trog.
  5242 | D:7      | Reached skill level 7 in Shields
  6296 | D:8      | Found an iron altar of Okawaru.
  6315 | D:8      | Noticed a two-headed ogre
  6319 | D:8      | Killed a two-headed ogre
  6319 | D:8      | Reached skill level 8 in Shields
  6319 | D:8      | Reached XP level 10. HP: 83/86 MP: 9/9
  6463 | D:8      | Noticed Joseph
  6474 | D:8      | Killed Joseph
  6529 | D:8      | Reached *** piety under Qazlal
  6537 | D:8      | Found an ornate altar of the Wu Jian Council.
  6537 | D:8      | Found a glowing silver altar of Zin.
  6540 | D:8      | Found a shadowy altar of Dithmenos.
  6686 | D:8      | Found a shattered altar of Ashenzari.
  7068 | D:9      | Found a snail-covered altar of Cheibriados.
  7104 | D:9      | Reached skill level 9 in Shields
  7778 | D:10     | Entered Level 10 of the Dungeon
  7795 | D:10     | Reached **** piety under Qazlal
  7934 | D:10     | Reached skill level 10 in Shields
  7975 | D:10     | Reached XP level 11. HP: 97/97 MP: 10/10
  8024 | D:10     | Noticed a death yak
  8033 | D:10     | Noticed a death yak
  8033 | D:10     | Noticed a death yak
  8045 | D:10     | Killed a death yak
  8078 | D:10     | Killed a death yak
  8079 | D:10     | Killed a death yak
  8087 | D:10     | Reached skill level 11 in Shields
  8091 | D:10     | Reached ***** piety under Qazlal
  8114 | D:10     | Found a staircase to the Lair.
  8145 | Lair:1   | Entered Level 1 of the Lair of Beasts
  8355 | Lair:1   | Reached skill level 10 in Fighting
  8423 | Lair:1   | Reached skill level 12 in Shields
  8596 | Lair:1   | Found a snail-covered altar of Cheibriados.
  9087 | Lair:2   | Reached XP level 12. HP: 85/107 MP: 11/11
  9141 | Lair:2   | Noticed a five-headed hydra
  9146 | Lair:2   | Killed a five-headed hydra
  9317 | Lair:2   | Found a staircase to the Snake Pit.
  9426 | Snake:1  | Entered Level 1 of the Snake Pit
  9475 | Snake:1  | Reached skill level 10 in Armour
  9477 | Snake:1  | Noticed a naga warrior
  9498 | Snake:1  | Killed a naga warrior
  9498 | Snake:1  | Reached skill level 13 in Shields
  9558 | Snake:1  | Noticed an anaconda
  9564 | Snake:1  | Noticed an anaconda
  9569 | Snake:1  | Killed an anaconda
  9576 | Snake:1  | Killed an anaconda
  9595 | Snake:1  | Reached skill level 15 in Polearms
  9669 | Snake:1  | Reached skill level 14 in Shields
  9716 | Snake:1  | Noticed an anaconda
  9725 | Snake:1  | Killed an anaconda
  9852 | Snake:1  | Noticed a naga warrior
  9878 | Snake:1  | Killed a naga warrior
  9878 | Snake:1  | Reached XP level 13. HP: 103/117 MP: 12/12
 10827 | Snake:2  | Reached skill level 15 in Shields
 11112 | Snake:2  | Noticed a nagaraja
 11126 | Snake:2  | Killed a nagaraja
 11940 | Snake:3  | Found a snail-covered altar of Cheibriados.
 12002 | Snake:3  | Reached skill level 16 in Shields
 12020 | Snake:3  | HP: 5/119 [poisoned by a black mamba]
 12025 | Snake:3  | HP: 4/119 [poisoned by a black mamba]
 12030 | Snake:3  | HP: 4/119 [poisoned by a black mamba]
 12035 | Snake:3  | HP: 5/119 [poisoned by a black mamba]
 12293 | Snake:3  | Noticed a nagaraja
 12659 | Snake:3  | Killed a nagaraja
 12659 | Snake:3  | Reached XP level 14. HP: 106/127 MP: 13/13
 12872 | Snake:3  | Reached ****** piety under Qazlal
 12916 | Snake:4  | Entered Level 4 of the Snake Pit
 12921 | Snake:4  | Reached skill level 17 in Shields
 12932 | Snake:4  | Noticed Nikola
 12971 | Snake:4  | Noticed a nagaraja
 12977 | Snake:4  | HP: 3/127 [nagaraja (17)]
 12979 | Snake:4  | Mangled by a naga

Skill      XL: |  1  2  3  4  5  6  7  8  9 10 11 12 13 14 |
---------------+-------------------------------------------+-----
Armour         | 4 5 6 7 8 9 11 | 11.9
Shields        | 4 5 6 8 10 12 14 16 17 | 17.1
Fighting       | 4 5 6 7 9 10 11 12 | 12.8
Polearms       | 3 4 5 7 9 11 13 14 15 | 15.9
Dodging        | 1 |  1.8
Stealth        | |  0.2
Invocations    | |  0.6

Action                   |  1- 3 |  4- 6 |  7- 9 | 10-12 | 13-15 || total
-------------------------+-------+-------+-------+-------+-------++-------
Melee: Trident           |   175 |    82 |   283 |   745 |   403 ||  1688
       Headbutt          |    28 |    16 |    58 |   132 |    77 ||   311
Invok: Upheaval          |       |       |     2 |       |       ||     2
  Use: Scroll            |     6 |     5 |     5 |    13 |     4 ||    33
  Eat: Ration            |     1 |       |     3 |     2 |     3 ||     9
       Chunk             |       |     3 |     1 |     6 |       ||    10
Armor: Scale mail        |    48 |    28 |    32 |       |       ||   108
       Chain mail        |       |       |       |    97 |    35 ||   132
       Plate armour      |       |       |       |     7 |       ||     7
Dodge: Dodged            |    24 |    22 |    38 |    65 |    21 ||   170
       Deflected         |       |       |       |     1 |     9 ||    10
Block: Shield            |    47 |    18 |   135 |   353 |       ||   553
       Large shield      |       |       |       |   162 |   397 ||   559
